 Dungeon Crawl Stone Soup version 0.18-a0-1024-gf1736fb (webtiles) character file.

816 M4edhros the Sneak (level 7, -4/43 HPs)
             Began as an Octopode Artificer on Jan 7, 2016.
             Was a Follower of Fedhas.
             Slain by an adder (5 damage)
             ... on level 5 of the Dungeon.
             The game lasted 00:10:03 (4621 turns).

M4edhros the Sneak (Octopode Artificer)             Turns: 4621, Time: 00:10:03

Health: -4/43      AC:  1    Str: 11    XL:     7   Next: 94%
Magic:  11/11      EV:  9    Int: 16    God:    Fedhas [*.....]
Gold:   234        SH: 11    Dex: 12    Spells: 0 memorised, 6 levels left

rFire  . . .     SeeInvis .     a - +0 short sword
rCold  . . .     Gourm    .     i - +0 large shield
rNeg   . . .     Faith    .     (helmet restricted)
rPois  .         Spirit   .     (no amulet)
rElec  .         Dismiss  .     (no ring)
rCorr  .         Reflect  .     (no ring)
SustAt .         Harm     .     (no ring)
MR     .....                    (no ring)
Stlth  ++++......               (no ring)
                                (no ring)
                                (no ring)
                                (no ring)

@: not resistant to hostile enchantments, stealthy
A: almost no armour, amphibious, 8 rings, constrict 8, tentacle spike 1,
camouflage 1, gelatinous body 1
a: Evolution, Renounce Religion


You were on level 5 of the Dungeon.
You worshipped Fedhas.
Fedhas was aware of your devotion.
You were not hungry.

You visited 2 branches of the dungeon, and saw 6 of its levels.

You collected 234 gold pieces.

Inventory:

Hand Weapons
 a - a +0 short sword (weapon)
 v - a +0 hunting sling
Missiles
 l - 80 stones (quivered)
 o - 28 sling bullets
Armour
 i - a +0 large shield (worn)
Wands
 b - a wand of flame (0/48)
 c - a wand of enslavement (14/24)
 d - a wand of random effects (14/48)
Scrolls
 e - a scroll of random uselessness {unknown}
 h - a scroll of enchant armour {unknown}
 j - a scroll of amnesia {unknown}
 k - 5 scrolls of identify {unknown}
 m - a scroll of blinking {unknown}
 n - 2 scrolls of immolation {unknown}
 q - 2 scrolls of magic mapping {unknown}
 r - a scroll of noise {unknown}
 s - a scroll of fear {unknown}
 t - a scroll of recharging {unknown}
 y - 2 scrolls of enchant weapon {unknown}
 z - a scroll of teleportation {unknown}
Potions
 p - a potion of might
Comestibles
 f - 2 bread rations
 g - 2 beef jerkies
 u - a meat ration
 w - 2 royal jellies


   Skills:
 - Level 1.0 Fighting
 - Level 1.0 Short Blades
 * Level 4.6 Dodging
 * Level 6.2 Stealth
 + Level 2.5 Shields
 * Level 3.4 Invocations
 * Level 5.5 Evocations


You had 6 spell levels left.
You didn't know any spells.

Dungeon Overview and Level Annotations

Branches:
Dungeon (5/15)             Temple (1/1) D:4

Altars:
Ashenzari
Cheibriados
Elyvilon
Fedhas
Gozag
Trog
Vehumet

Annotations:
D:5 Pikel


Innate Abilities, Weirdness & Mutations

You cannot wear most types of armour.
You are amphibious.
You can wear up to eight rings at the same time.
You can use your tentacles to constrict eight enemies at once.
Your skin changes colour to match your surroundings (Stealth).
Your rubbery body absorbs attacks (AC +1).
One of your tentacles bears a spike.


Message History

You strike the helpless Pikel from a blind spot!
You puncture Pikel! Your grab misses Pikel.
Pikel is severely wounded.
The slave seems less confused.
The slave hits your wandering mushroom but does no damage.
Pikel hits you with a whip of freezing!
* * * LOW HITPOINT WARNING * * *
Pikel freezes you.
* * * LOW HITPOINT WARNING * * *
The slave hits your wandering mushroom but does no damage.
Your wandering mushroom releases spores at Pikel.
Pikel is engulfed in a cloud of spores!
Your wandering mushroom releases spores at the slave!
The slave dies!
The slave hits your wandering mushroom.
Drink which item? (? for menu, Esc to quit)
Okay, then.
The adder bites you.
You die...
Fedhas appreciates your contribution to the ecosystem.

...
#........<..#........ p
..#.........###........
......>................
..........p.#..........
..#..........p.........
..#....$.ff>f##.######.
#.................#
p..#.#....pK........# .
# #.#..@S........#
#.#...#.....<..# ..
..#......).....####...
p##..#.#...)[...#......
#. #.##.#..........# .
.........)....### #.
#..#......รท.# ..
#.#.........#
....####.####


You could see Pikel, 3 slaves, an adder and 3 friendly wandering mushrooms.

Vanquished Creatures
  Menkaure (D:5)
  2 ogres
  A crimson imp (D:4)
  A wasp zombie (D:4)
  2 orc wizards (D:4)
  A gnoll (D:3)
  4 adders
  3 adder skeletons (D:4)
  3 worms
  3 giant geckos
  19 orcs
  2 ball pythons
  7 bats
  4 giant cockroaches
  3 goblins
  3 hobgoblins
  2 quokkas
  5 giant newts
  11 kobolds
  A quokka skeleton (D:4)
  4 rats
82 creatures vanquished.

Vanquished Creatures (collateral kills)
  Sigmund (D:5)
  The ghost of Trivium the Shield-Bearer, an amateur GrFi (D:3)
  A slave (D:5)
  An ogre (D:4)
  A hound (D:5)
  An orc wizard (D:4)
  A worker ant (D:4)
  An adder (D:3)
  2 gnolls (D:3)
  2 giant geckos (D:3)
  7 orcs
  A kobold (D:3)
  A rat (D:3)
21 creatures vanquished.

Vanquished Creatures (others)
  3 wandering mushrooms
  65 toadstools
68 creatures vanquished.

Grand Total: 171 creatures vanquished

Notes
Turn   | Place    | Note
--------------------------------------------------------------
     0 | D:1      | M4edhros the Octopode Artificer began the quest for the Orb.
     0 | D:1      | Reached XP level 1. HP: 13/13 MP: 3/3
   184 | D:1      | Reached XP level 2. HP: 1/18 MP: 4/4
   859 | D:2      | Reached XP level 3. HP: 17/23 MP: 5/5
   997 | D:3      | Noticed Trivium's ghost (amateur GrFi)
  1032 | D:4      | Reached XP level 4. HP: 15/28 MP: 6/6
  1151 | D:4      | Found a staircase to the Ecumenical Temple.
  1160 | Temple   | Entered the Ecumenical Temple
  1270 | Temple   | Became a worshipper of Fedhas Madash
  1797 | D:2      | HP: 1/28 [bat (1)]
  2288 | D:2      | Reached skill level 4 in Evocations
  2587 | D:2      | Reached skill level 1 in Shields
  2683 | D:3      | Gained mutation: Your magical capacity is low (-10% MP). [potion of mutation]
  2683 | D:3      | Gained mutation: One of your tentacles bears a spike. [potion of mutation]
  2683 | D:3      | Lost mutation: Your magical capacity is low (-10% MP). [potion of mutation]
  2909 | D:3      | Reached XP level 5. HP: 33/33 MP: 8/8
  2910 | D:3      | Reached * piety under Fedhas
  3130 | D:3      | Found a shattered altar of Ashenzari.
  3173 | D:3      | Killed Trivium's ghost
  3173 | D:3      | Reached skill level 1 in Invocations
  3173 | D:3      | Reached XP level 6. HP: 11/38 MP: 9/9
  3664 | D:4      | Found a shattered altar of Ashenzari.
  4067 | D:4      | Reached skill level 5 in Stealth
  4067 | D:4      | Reached skill level 5 in Evocations
  4195 | D:4      | Reached XP level 7. HP: 40/43 MP: 10/10
  4212 | D:5      | Entered Level 5 of the Dungeon
  4212 | D:5      | Noticed Sigmund
  4223 | D:5      | Noticed Pikel
  4557 | D:5      | Killed Sigmund
  4564 | D:5      | Noticed Menkaure
  4569 | D:5      | Killed Menkaure
  4569 | D:5      | Reached skill level 6 in Stealth
  4620 | D:5      | HP: 1/43 [Pikel/whip of freezing (2)]
  4621 | D:5      | Slain by an adder

Vault maps used:
D:1:      minmay_arrival_plants_in_alcoves
D:2:      st_stairs_12, item_on_display_a
D:3:      ashenzari_conservatory_becter, first_bread
D:4:      minmay_temple_entry_purple_smoke, nicolae_ashenzari_panopticon
D:5:      marbit_many_paths, gammafunk_temple_overflow_statue, uniq_sigmund,
          uniq_pikel, uniq_menkaure
Temple:   hc_temple_tempest_star_small

Action                   |  1- 3 |  4- 6 |  7- 9 || total
-------------------------+-------+-------+-------++-------
Melee: Short sword       |    45 |   139 |    15 ||   199
Invok: Evolution         |       |     3 |     3 ||     6
Evoke: Wand              |     7 |     3 |     7 ||    17
  Use: Potion            |     4 |     7 |     1 ||    12
 Stab: Sleeping          |     4 |    11 |     2 ||    17
       Distracted        |       |       |     1 ||     1
  Eat: Meat ration       |       |     1 |       ||     1
       Bread ration      |       |     1 |     1 ||     2
